AoeStats
← s94004990

Arabia

509108715Analyzed
1v1 RM · 5d ago on Sep 25, 2026· 60m 14s· 2 players
Game mode
Random Map
Map size
Tiny (2 player)
Population
200
Speed
Normal
Resources
Standard
Victory
Conquest
Starting age
Dark Age
Ending age
Imperial Age
RankedLock teamsTeams togetherTeam positionsShared explorationLock speedFull tech treeHidden civsTurbo modeCheats
Victory
Defeat
🇦🇺 Poles · Australia
1128
+16
🇹🇼 Franks · Taiwan
1131
-16
MAC0406
9:01 Feudal Age
9:34 Loom
9:51 Double-Bit Axe
12:12 Horse Collar
19:46 Castle Age
18:12 Gold Mining
20:06 Bloodlines
20:07 Scale Barding Armor
20:13 Forging
20:55 Bow Saw
21:51 Wheelbarrow
21:18 Heavy Plow
22:46 Husbandry
23:58 Chain Barding Armor
31:00 Iron Casting
31:50 Wheelbarrow
31:35 Town Watch
41:41 Imperial Age
40:32 Szlachta Privileges
41:52 Stone Mining
42:00 Fletching
43:34 Blast Furnace
43:01 Lechitic Legacy
42:07 Cavalier
44:18 Chemistry
43:29 Masonry
43:50 Light Cavalry
45:52 Bodkin Arrow
47:09 Winged Hussar
50:42 Crop Rotation
50:31 Hand Cart
50:37 Town Patrol
s94004990
7:48 Loom
10:16 Feudal Age
10:58 Double-Bit Axe
22:15 Castle Age
21:18 Scale Barding Armor
22:44 Forging
24:30 Chain Barding Armor
26:56 Pikeman
29:42 Forging
31:19 Wheelbarrow
31:29 Bow Saw
41:23 Squires
41:57 Scale Mail Armor
44:47 Husbandry
47:58 Imperial Age
45:43 Gold Mining
45:44 Stone Mining
46:33 Chain Mail Armor
46:55 Iron Casting
48:02 Halberdier
49:51 Blast Furnace
49:22 Plate Mail Armor
49:18 Conscription
50:13 Hand Cart
52:36 Cavalier
59:02 Gold Shaft Mining
Connection lost

Rejoining the realm…

Still unreachable

The connection could not be restored.

Session expired

The server has moved on; the page needs a fresh start.